[Event "Early-Titled-Tuesday-Blitz-March-12-2024"]
[Site "Chess.com"]
[Date "2024.03.12"]
[Round "4"]
[White "luckyswitchback"]
[Black "rezamahdavi2008"]
[Result "1-0"]
[WhiteElo "2685"]
[BlackElo "2858"]
[TimeControl "180+1"]
[EndTime "8:40:49 PDT"]
[Termination "luckyswitchback won by checkmate"]

1. e4 c5 2. Nf3 d6 3. Bb5+ Nd7 4. O-O a6 5. Bxd7+ Bxd7 6. c3 e6 7. d4 Ne7 8. a4 Ng6 9. dxc5 dxc5 10. Nbd2 Bc6 11.
Qc2 Bd6 12. Nc4 Bc7 13. Rd1 Qe7 14. Bg5 f6 15. Be3 O-O 16. a5 Rad8 17. Nfd2 Bb5 18. Qb3 Kh8 19. Qa3 Bxc4 20. Nxc4 Rxd1+ 21. Rxd1 Rd8 22. Rf1 Ne5 23. Nxe5 Bxe5 24. Bxc5 Qd7 25. Bb6 Rc8 26.
Qb3 Qc6 27. g3 Re8 28. Rd1 h6 29. Qc2 Kg8 30. Qd3 Bc7 31. Qd7 Bxb6 32. axb6 Rc8 33. Qe7 Qxe4 34. h4 Kh7 35. Rd7 Rg8 36. Qxf6 Qb1+ 37.
Kg2 Qxb2 38. Rxb7 Qb3 39. Qf3 a5 40. Qe4+ Kh8 41. c4 a4 42. c5 a3 43. Ra7 a2 44. Qe5 Qb5 45. Rxa2 Qc6+ 46. Kg1 Qf3 47. Qe3 Qd5 48. Rd2 Qc6 49. Re2 Rd8 50. Re1 Re8 51.
Rd1 Ra8 52. Kh2 Rf8 53. Re1 Rf7 54. f4 Rd7 55. Re2 Rd1 56. Qe4 Qxc5 57. b7 Qg1+ 58. Kh3 Qf1+ 59. Kg4 Rb1 60. Rd2 Qa6 61. Rd8# 1-0

[Event "Early-Titled-Tuesday-Blitz-March-12-2024"]
[Site "Chess.com"]
[Date "2024.03.12"]
[Round "4"]
[White "nelsi"]
[Black "andrew-blr"]
[Result "0-1"]
[WhiteElo "2433"]
[BlackElo "2613"]
[TimeControl "180+1"]
[EndTime "8:40:49 PDT"]
[Termination "andrew-blr won on time"]

1. e4 c5 2. Nf3 e6 3. Nc3 Nc6 4. Bb5 Nge7 5. O-O a6 6. Bxc6 Nxc6 7. d4 cxd4 8. Nxd4 d6 9. Nxc6 bxc6 10. e5 d5 11. a3 c5 12. f4 Be7 13. f5 d4 14. f6 gxf6 15. exf6 dxc3 16. fxe7 Qxd1 17. Rxd1 Kxe7 18. b3 Bb7 19. Be3 Rac8 20. Rd3 Rhg8 21.
g3 c4 22. Rxc3 cxb3 23. Rxb3 Bd5 24. Rb2 h5 25. Kf2 h4 26. Rg1 hxg3+ 27. Rxg3 Rxg3 28. hxg3 Rc3 29. Ke2 f5 30. Kf2 Kd7 31. a4 Ra3 32. Rb4 Ra2 33. Bf4 Rxc2+ 34. Ke3 Ra2 35. Kd4 a5 36.
Rb5 Rxa4+ 37. Kc5 Rc4+ 38. Kb6 a4 39. Ra5 Re4 40. Ra7+ Ke8 41. Kc5 Bb3 42. Kd6 Rd4+ 43.
Ke5 Rd5+ 44. Kf6 Kd8 45. Rh7 Rd1 46. Ra7 Kc8 47. Ke5 Rd5+ 48. Kf6 Rd7 49. Ra8+ Kb7 50. Ra5 Kb6 51. Ra8 Kb5 52. Rb8+ Kc4 53. Ra8 Kd3 54. Kg5 Kc2 55. Be3 Rd3 56. Bf4 Rd5 57.
Kf6 Kb2 58. Be3 Ka2 59. Bf4 Rd3 60. Bh6 Rxg3 61. Ke5 Rd3 62. Kf4 Rd5 63. Bg7 Bc2 64.
Bf6 Rb5 65. Be5 a3 66. Bd6 Rb3 67. Ke5 Be4 68. Ra7 Bd5 69. Kf4 Kb2 70. Ke5 a2 71. Kf4 Kb1 72. Be5 Rb4+ 73. Kg5 Re4 74. Bf6 e5 75. Bxe5 Rxe5 76. Kf4 Re4+ 77. Kxf5 a1=Q 0-1

[Event "Early-Titled-Tuesday-Blitz-March-12-2024"]
[Site "Chess.com"]
[Date "2024.03.12"]
[Round "4"]
[White "Allion2017"]
[Black "Makswolf200817"]
[Result "0-1"]
[WhiteElo "2328"]
[BlackElo "2737"]
[TimeControl "180+1"]
[EndTime "8:40:54 PDT"]
[Termination "Makswolf200817 won on time"]

1. d4 d5 2. e4 dxe4 3. Nc3 Nf6 4. Bg5 Bg4 5. f3 exf3 6. Nxf3 Nbd7 7. Bc4 e6 8. O-O Be7 9. Bb3 h6 10. Bf4 Nb6 11.
Be5 O-O 12. Qe1 Nfd5 13. Qg3 Ne3 14. Rfe1 f6 15. Rxe3 Bxf3 16. Bxc7 Qxd4 17. Qxf3 Bc5 18. Bxe6+ Kh8 19. Re1 Qh4 20. Bg3 Qb4 21. Bb3 Rae8 22.
Bf2 Bxe3 23. Rxe3 Rd8 24. h3 Rd7 25. Kh2 Qd6+ 26. Bg3 Qc5 27. Ne4 Qb5 28. Bf4 Qc6 29. Ng3 Nd5 30. Rd3 Nxf4 31. Qxf4 Rxd3 32. cxd3 Rd8 33.
Qf3 Qxf3 34. gxf3 Rxd3 35. Kg2 Rd2+ 36. Kf1 Rxb2 37. Nf5 b5 38. Nd6 a6 39. f4 Rd2 40.
Nf5 Kh7 41. Ne3 Rd4 42. Ng2 g6 43. Kf2 Rd2+ 44. Kf3 f5 45. Ne3 Kg7 46. h4 Rh2 47.
Kg3 Rh1 48. Bd5 Ra1 49. Kf3 a5 50. Bc6 b4 51. Bd5 a4 52. Be6 b3 53. axb3 a3 54. b4 a2 55. Bxa2 Rxa2 56. Nd5 Rb2 57. Ke3 Rh2 58. b5 Kf7 59. b6 Rb2 60. Kd4 Ke6 61. Kc5 Rc2+ 62. Kb5 Kxd5 0-1

[Event "Early-Titled-Tuesday-Blitz-March-12-2024"]
[Site "Chess.com"]
[Date "2024.03.12"]
[Round "4"]
[White "kushagramohan"]
[Black "viktorskliarov"]
[Result "1/2-1/2"]
[WhiteElo "2773"]
[BlackElo "2578"]
[TimeControl "180+1"]
[EndTime "8:40:57 PDT"]
[Termination "Game drawn - insufficient material"]

1. e4 c5 2. Nf3 Nc6 3. d4 cxd4 4. Nxd4 Nf6 5. Nc3 e5 6. Ndb5 d6 7. Bg5 a6 8. Na3 b5 9. Nab1 Be7 10. Bxf6 Bxf6 11. a4 b4 12. Nd5 Bg5 13. Bc4 O-O 14.
O-O Be6 15. Qd3 a5 16. c3 Bxd5 17. Bxd5 Rc8 18. Nd2 bxc3 19. bxc3 Bxd2 20. Qxd2 Ne7 21. c4 Rc5 22. Rab1 Nxd5 23. cxd5 Qc7 24. g3 h6 25.
Rfc1 Rc8 26. Rxc5 Qxc5 27. Rb7 Qc1+ 28. Qxc1 Rxc1+ 29. Kg2 Rc4 30. f3 f5 31. exf5 Rd4 32. Rb5 Rxa4 33. Rb6 Rd4 34. Rxd6 a4 35. g4 a3 36. Ra6 e4 37. fxe4 Rxe4 38. h3 Rd4 39.
d6 a2 40. Rxa2 Rxd6 41. Kg3 Kf7 42. Ra7+ Kf6 43. Ra3 Rb6 44. Kf4 g6 45. fxg6 Kxg6 46. h4 Rb4+ 47. Kg3 Rb6 48. Re3 Rc6 49. Rd3 Rb6 50.
h5+ Kg7 51. Rd5 Ra6 52. Kf4 Ra4+ 53. Kf5 Ra7 54. Rb5 Rc7 55. Rb6 Rc5+ 56. Kf4 Rc4+ 57.
Kg3 Rc3+ 58. Kh4 Rc5 59. Rb4 Kh7 60. Re4 Kg7 61. Kg3 Ra5 62. Kf4 Rb5 63. Re5 Rb7 64. Kf5 Rf7+ 65. Ke4 Ra7 66. Rb5 Ra4+ 67. Kf5 Ra7 68.
Rc5 Rf7+ 69. Ke4 Ra7 70. Rc4 Rb7 71. Kf4 Rf7+ 72. Kg3 Ra7 73. Rf4 Rb7 74. Kh4 Ra7 75.
Rf5 Rb7 76. Rd5 Ra7 77. Rd6 Ra5 78. Rd7+ Kg8 79. Kg3 Ra4 80. Kf3 Rb4 81. Re7 Ra4 82. Re4 Ra7 83. Kf4 Kg7 84. Re6 Ra4+ 85. Kf5 Ra5+ 86.
Re5 Ra7 87. Re6 Ra5+ 88. Ke4 Ra4+ 89. Kf3 Ra3+ 90. Re3 Ra7 91. Kg3 Ra5 92. Kf4 Ra7 93.
Re5 Ra4+ 94. Kf5 Ra7 95. g5 hxg5 96. Kxg5 Kh7 97. Rd5 Rb7 98. Rf5 Ra7 99. h6 Rb7 100.
Kh5 Ra7 101. Rg5 Rb7 102. Rg7+ Rxg7 103. hxg7 Kxg7 1/2-1/2

[Event "Early-Titled-Tuesday-Blitz-March-12-2024"]
[Site "Chess.com"]
[Date "2024.03.12"]
[Round "4"]
[White "Mops_2004"]
[Black "ahkashefi2800"]
[Result "1-0"]
[WhiteElo "2841"]
[BlackElo "2640"]
[TimeControl "180+1"]
[EndTime "8:40:58 PDT"]
[Termination "Mops_2004 won by checkmate"]

1. g3 d5 2. Nf3 c6 3. Bg2 Nf6 4. O-O Bf5 5. c4 e6 6. Qb3 Qb6 7. d3 Nbd7 8. cxd5 exd5 9. Qc2 Be7 10. Nc3 O-O 11. e4 dxe4 12. dxe4 Bg6 13. Nh4 Rad8 14.
Bf4 Nc5 15. Nxg6 hxg6 16. Rad1 Ne6 17. Be3 Qa5 18. Qa4 Qxa4 19. Nxa4 b6 20. h3 Nd7 21. f4 Ndc5 22. Nc3 Nd3 23. Rd2 Bc5 24. Bxc5 Ndxc5 25. Rfd1 Rxd2 26. Rxd2 Rd8 27. Rxd8+ Nxd8 28. e5 Kf8 29. b3 Ke7 30. Kf2 f6 31. exf6+ gxf6 32.
Ke3 Kd6 33. Ne4+ Nxe4 34. Bxe4 f5 35. Bd3 b5 36. g4 Ke6 37. Kd4 Nb7 38. b4 Kf6 39. gxf5 gxf5 40. a3 Ke6 41. h4 a5 42.
h5 axb4 43. axb4 Kf6 44. Bc2 Nd8 45. Bb3 Kg7 46. Ke5 Kh6 47. Kxf5 Kxh5 48. Kf6 Nb7 49. f5 Nd6 50. Ke5 Ne8 51. f6 Nxf6 52. Kxf6 Kg4 53. Ke5 Kg5 54. Kd6 c5 55. Kxc5 Kf6 56. Kxb5 Ke7 57.
Ka6 Kd8 58. Ka7 Kc7 59. b5 Kd6 60. b6 Kc5 61. b7 Kb4 62. b8=Q+ Ka5 63. Be6 Ka4 64.
Qb6 Ka3 65. Qb3# 1-0

[Event "Early-Titled-Tuesday-Blitz-March-12-2024"]
[Site "Chess.com"]
[Date "2024.03.12"]
[Round "4"]
[White "HajiyevKanan"]
[Black "FlemingA"]
[Result "1-0"]
[WhiteElo "2574"]
[BlackElo "2419"]
[TimeControl "180+1"]
[EndTime "8:40:58 PDT"]
[Termination "HajiyevKanan won by checkmate"]

1. d4 g6 2. Nf3 Bg7 3. g3 d6 4. Bg2 Nf6 5. O-O O-O 6. b3 Nbd7 7. Bb2 a5 8. a3 c5 9. c4 a4 10. b4 Ne4 11. Qc2 Nef6 12. Nc3 cxd4 13. Nxd4 Ne5 14. Ncb5 Qb6 15. Rac1 Bd7 16. Qb1 Rfc8 17. Qa2 h5 18. Rc2 Nxc4 19. Rxc4 Rxc4 20. Qxc4 Rc8 21. Qd3 e5 22.
Rd1 Ng4 23. e3 exd4 24. Nxd4 Ne5 25. Qe2 Bg4 26. f3 Bd7 27. Rc1 Nc6 28. Nxc6 Bxc6 29.
Bxg7 Kxg7 30. Kf2 Re8 31. Qd2 Qb5 32. Qxd6 Qg5 33. Qf4 Qd5 34. Qd4+ Qxd4 35. exd4 Rd8 36. Rd1 Kf6 37. Bf1 Ke6 38. Bc4+ Bd5 39. Bb5 Bb3 40.
Re1+ Kd6 41. f4 Kd5 42. Re2 Rc8 43. Rd2 Rc3 44. Be8 Rc7 45. Re2 Kd6 46. f5 gxf5 47. Bb5 Kd5 48. Rd2 Ke4 49. Be2 Rd7 50. d5 Ke5 51.
Bf3 Kf6 52. Bxh5 Ke5 53. Bf3 f6 54. h4 Kd6 55. Ke3 Re7+ 56. Kf4 Rg7 57. h5 b5 58.
h6 Rh7 59. Rh2 Bxd5 60. Bxd5 Kxd5 61. Kxf5 Kc4 62. Rh3 Kb3 63. g4+ Kc4 64. Kg6 Rh8 65. h7 f5 66. gxf5 Kd4 67. Kg7 Re8 68. h8=Q Rxh8 69.
Kxh8 Kc4 70. Kg7 Kd4 71. f6 Kc4 72. f7 Kd4 73. f8=Q Kc4 74. Qc5# 1-0

[Event "Early-Titled-Tuesday-Blitz-March-12-2024"]
[Site "Chess.com"]
[Date "2024.03.12"]
[Round "4"]
[White "Ginger_GM"]
[Black "Andrei_Skvortsov"]
[Result "1-0"]
[WhiteElo "2583"]
[BlackElo "2766"]
[TimeControl "180+1"]
[EndTime "8:40:59 PDT"]
[Termination "Ginger_GM won by resignation"]

1. d4 d5 2. c4 e6 3. Nc3 a6 4.
c5 b6 5. cxb6 cxb6 6. Bf4 Bb7 7.
Nf3 Nc6 8. e3 Bd6 9. Bg3 Bxg3 10.
hxg3 Nf6 11. Bd3 Qd6 12. Rc1 b5 13. a4 b4 14. Nb1 O-O 15. Ne5 g6 16. f4 Rfc8 17. Nd2 Na5 18. g4 Rxc1 19. Qxc1 Rc8 20. Qd1 Ne4 21. Bxe4 dxe4 22. g5 Qc7 23. Ng4 Qc2 24.
Nf6+ Kf8 25. Qxc2 Rxc2 26. Rxh7 Rxb2 27. Nd7+ Kg8 28. Nf6+ Kf8 29. Ndxe4 Bxe4 30. Nxe4 Nc4 31. Rh8+ Ke7 32. Rb8 Nxe3 33. Rb7+ Kf8 34. Rb8+ Ke7 35. Rb7+ Kd8 36. Nd6 Rxg2 37. Nxf7+ Ke8 38. Nd6+ Kf8 39. Rxb4 Nc2+ 40. Kf1 Ne3+ 41. Ke1 Ke7 42. Ne4 Nc2+ 43.
Kf1 Ne3+ 44. Ke1 Nd5 45. Rb7+ Kd8 46. Nc5 Kc8 47. Rf7 Rg4 48. Nxe6 Rg3 49. Nc5 a5 50. Kd2 Nb6 51. Rf6 Nd5 52. Rxg6 Nxf4 53. Rf6 Nd5 54.
Rf5 Nb4 55. Ne4 Rd3+ 56. Ke2 Rxd4 57. Nf6 Rc4 58. g6 Rc2+ 59. Kf3 Rc3+ 60. Kg4 Rc4+ 61.
Rf4 Rc1 62. Kf5 Rg1 63. Rg4 Rxg4 64. Kxg4 Nc6 65. g7 Ne7 66. Nd5 Ng8 67. Kf5 Kd7 68. Kg6 Ke6 69. Nf4+ Ke7 70. Nd3 Ke6 71. Nc5+ Ke7 72. Nb3 Ke6 73. Nxa5 Ne7+ 74. Kh7 Kf7 75. Nc4 Ke6 76. a5 Kf6 77. a6 1-0

[Event "Early-Titled-Tuesday-Blitz-March-12-2024"]
[Site "Chess.com"]
[Date "2024.03.12"]
[Round "4"]
[White "Mr_ruthless"]
[Black "Carlos-Godoy"]
[Result "1-0"]
[WhiteElo "2478"]
[BlackElo "2054"]
[TimeControl "180+1"]
[EndTime "8:40:59 PDT"]
[Termination "Mr_ruthless won by resignation"]

1. e4 e6 2. d3 d5 3. Nd2 c5 4. g3 Nc6 5. Bg2 Nf6 6. f4 Be7 7.
Ngf3 O-O 8. O-O Nd4 9. c3 Nxf3+ 10. Qxf3 dxe4 11. Nxe4 Rb8 12. Nxf6+ Bxf6 13. Be3 b6 14.
Rad1 Bb7 15. Qf2 Bxg2 16. Qxg2 Qd5 17. Qxd5 exd5 18. f5 Rfe8 19. Rfe1 d4 20. Bf4 Rbc8 21. c4 a6 22. a4 g5 23. fxg6 hxg6 24. Kf1 g5 25. Bd2 Kg7 26. g4 Rb8 27. Rxe8 Rxe8 28. Re1 Rb8 29. Rc1 Be7 30. Kg2 b5 31. cxb5 axb5 32.
a5 Ra8 33. Kf3 Ra6 34. Re1 Kf8 35. Ke4 b4 36. Ra1 Ke8 37. Kd5 Kd7 38. h3 Kc7 39. b3 Kd7 40. Kc4 Kc6 41. Re1 Bd8 42.
Re5 Rxa5 43. Bxg5 f6 44. Rd5 fxg5 45. Rxd8 Ra1 46. Rc8+ Kd6 47. Rg8 Kc6 48. Rg6+ Kd7 49. Kxc5 Rd1 50. Kc4 Rc1+ 51. Kxd4 Rc3 52. Rxg5 Rxb3 53.
Rb5 Ke7 54. h4 Rb1 55. h5 Rg1 56. g5 b3 57. Kc3 Rh1 58. h6 Kf7 59. Kxb3 Kg6 60.
Kc4 Rh4+ 61. d4 Rh5 62. Re5 Rh1 63. d5 Rc1+ 64. Kb5 Rb1+ 65. Kc6 Re1 66. Rxe1 1-0

[Event "Early-Titled-Tuesday-Blitz-March-12-2024"]
[Site "Chess.com"]
[Date "2024.03.12"]
[Round "4"]
[White "DamianoLew95"]
[Black "MaxLeto"]
[Result "0-1"]
[WhiteElo "2742"]
[BlackElo "2499"]
[TimeControl "180+1"]
[EndTime "8:41:04 PDT"]
[Termination "MaxLeto won by checkmate"]

1. e4 c5 2. Nf3 d6 3. Bb5+ Nd7 4.
O-O a6 5. Bxd7+ Bxd7 6. Re1 Nf6 7. c3 Bc6 8. d4 Bxe4 9. Bg5 d5 10. Nbd2 Bf5 11.
dxc5 e6 12. Nd4 Bg6 13. b4 Be7 14. a4 O-O 15. a5 h6 16. Bh4 Rc8 17. Qf3 Re8 18.
h3 Ne4 19. Nxe4 Bxe4 20. Bxe7 Qxe7 21. Qg3 e5 22. Nb3 f5 23. f4 Rc6 24. fxe5 Kh7 25. Re2 Rg6 26. Qf4 Qxe5 27. Qxe5 Rxe5 28. Nd4 Rg3 29.
Rc1 f4 30. Kh2 Reg5 31. Rg1 Rxc3 32. Rf2 Rcg3 33. Ne6 Rf5 34. Rxf4 Rxf4 35. Nxf4 Rb3 36. Rd1 Rxb4 37. Nxd5 Rb2 38. Ne3 Re2 39. Kg3 Rxe3+ 40.
Kf4 Re2 41. Rd7 Bc6 42. Rf7 Rxg2 43. Ke5 Re2+ 44. Kd6 Rd2+ 45. Kc7 Rb2 46. h4 Rb5 47. h5 Rxc5 48. Kb6 Rb5+ 49. Ka7 Rxa5 50. Kb6 Rxh5 51.
Ka7 Rb5 52. Kb8 a5 53. Kc7 a4 54. Kd8 Ra5 55. Ke7 a3 56. Rf1 a2 57. Ra1 Bd5 58.
Kf8 Bg8 59. Ke7 Rb5 60. Rg1 Rb1 61. Re1 Rxe1+ 62. Kf8 Rf1+ 63. Ke7 a1=Q 64. Kd7 Qd4+ 65. Kc7 b5 66. Kb7 b4 67. Ka6 b3 68. Kb5 b2 69.
Ka5 g5 70. Kb5 g4 71. Ka5 g3 72. Kb5 g2 73. Ka5 h5 74. Kb5 h4 75. Ka5 h3 76.
Kb5 h2 77. Ka5 h1=Q 78. Kb5 g1=Q 79. Ka5 Qc5+ 80. Ka4 Qc4+ 81. Ka5 Qgc5# 0-1

[Event "Early-Titled-Tuesday-Blitz-March-12-2024"]
[Site "Chess.com"]
[Date "2024.03.12"]
[Round "4"]
[White "el008"]
[Black "remyrushbrooke"]
[Result "0-1"]
[WhiteElo "2511"]
[BlackElo "2275"]
[TimeControl "180+1"]
[EndTime "8:41:07 PDT"]
[Termination "remyrushbrooke won by checkmate"]

1. Nf3 f5 2. b3 Nf6 3. Bb2 d6 4.
c4 e5 5. d4 e4 6. Ng1 Be7 7.
e3 O-O 8. g3 d5 9. cxd5 Nxd5 10. Nc3 c6 11. Nge2 Be6 12. Nf4 Bf7 13. h4 Nd7 14.
Nfxd5 cxd5 15. Qd2 Nf6 16. Be2 h6 17. O-O-O Bh5 18.
Kb1 Bxe2 19. Nxe2 a5 20. Nf4 Qd7 21. Ng6 Rfb8 22. a3 Bd6 23. Rc1 Kh7 24. Ne5 Qe7 25.
Ka2 Nd7 26. Nxd7 Qxd7 27. h5 b5 28. Rc5 Bxc5 29. dxc5 Rc8 30. Qd4 Rc6 31. Rd1 Rac8 32. b4 axb4 33. axb4 Ra8+ 34. Kb1 Rd8 35. Qe5 Qf7 36. Kc2 Re6 37. Qd4 Rd7 38. Rh1 Ra6 39. Kd2 Ra2 40. c6 Rda7 41. Rc1 Rc7 42. Rc2 Ra6 43.
Rc5 Qe6 44. Rxb5 Raxc6 45. Rc5 Rxc5 46. bxc5 Qc6 47. Qe5 Qxc5 48. Qxf5+ Kg8 49. Qe6+ Kh7 50. Qg6+ Kg8 51. Qe8+ Qf8 52. Qe5 Qf7 53. Bd4 Re7 54. Qb8+ Kh7 55. Qd8 Qxf2+ 56. Kc3 Qf7 57. Qd6 Rc7+ 58.
Kb4 Rd7 59. Qe5 Rb7+ 60. Kc5 Qe7+ 61. Qxe7 Rxe7 62. Kxd5 g6 63. Kd6 Re8 64. Kd7 Rf8 65.
Ke7 Rf3 66. hxg6+ Kxg6 67. Ke6 Rxg3 68. Ke5 h5 69. Kxe4 h4 70. Kf4 Rg2 71. e4 h3 72. Kf3 Rg5 73. Be5 Rxe5 74. Kg3 Rxe4 75. Kxh3 Kg5 76. Kg3 Re3+ 77. Kf2 Ra3 78. Kg2 Kf4 79. Kf2 Ra2+ 80. Kf1 Ke3 81. Kg1 Kf3 82. Kh1 Kg3 83. Kg1 Ra1# 0-1

[Event "Early-Titled-Tuesday-Blitz-March-12-2024"]
[Site "Chess.com"]
[Date "2024.03.12"]
[Round "4"]
[White "shimastream"]
[Black "Hikaru"]
[Result "0-1"]
[WhiteElo "2956"]
[BlackElo "3221"]
[TimeControl "180+1"]
[EndTime "8:41:14 PDT"]
[Termination "Hikaru won on time"]

1. e4 e6 2. d4 d5 3. Nc3 Nf6 4.
e5 Nfd7 5. f4 c5 6. Nf3 Nc6 7.
Be3 Rb8 8. a3 a6 9. Qd2 b5 10.
Bd3 b4 11. axb4 c4 12. Be2 Bxb4 13. O-O f5 14. Qc1 O-O 15. Nd1 Be7 16. Nf2 Qb6 17.
Ra2 a5 18. c3 Ba6 19. Qd2 Bb5 20. Rfa1 a4 21. Bd1 Na5 22. Qe1 Nb3 23. Rb1 Qd8 24. Bc2 Nb6 25. h3 Be8 26. Kh2 Bh5 27. Qe2 Qe8 28. Rg1 a3 29. bxa3 Na4 30. Nd1 Bd8 31. Bf2 Nc1 32. Bxa4 Qxa4 33. Qc2 Qxc2 34. Rxc2 Nd3 35.
Be3 Bxf3 36. gxf3 Be7 37. Nf2 Nxf2 38. Bxf2 Bxa3 39. Ra1 Rb3 40. Be1 Rfb8 41. Kg2 Kf7 42. Kf1 Kg6 43. Ke2 Kh5 44. Raa2 h6 45. Ra1 g5 46. fxg5 hxg5 47. Raa2 f4 48. Ra1 Kg6 49.
Kf1 Kf5 50. Raa2 R8b7 51. Kg2 Kg6 52. Bd2 Kf5 53. Kf2 R7b6 54. Kg2 Rb7 55. Kf2 Be7 56.
Kg2 Rb1 57. Rc1 R7b2 58. Rc2 Rxc2 59. Rxc2 Ba3 60. Kf2 Bb2 61. Be1 Bc1 62. Ke2 Be3 63. Ra2 Rc1 64. Ra7 Rc2+ 65. Kf1 Rh2 66. Rf7+ Kg6 67. Rf6+ Kh5 68. Rxe6 Rh1+ 69. Ke2 Rxh3 70. Re8 Kg6 71. Rf8 Rh2+ 72. Kd1 Ra2 73. Rf6+ Kh5 74. e6 Ra7 75. Rf7 Ra6 76. e7 Re6 77. Rg7 Kh6 78. Rg8 Rxe7 79. Rd8 g4 80. fxg4 f3 81. Rf8 Kg5 82. Rxf3 Kxg4 83. Rf8 Ra7 84. Ke2 Bg5 0-1

[Event "Early-Titled-Tuesday-Blitz-March-12-2024"]
[Site "Chess.com"]
[Date "2024.03.12"]
[Round "4"]
[White "AlmasRakhmatullaev"]
[Black "karinachess1"]
[Result "1-0"]
[WhiteElo "2816"]
[BlackElo "2603"]
[TimeControl "180+1"]
[EndTime "8:41:15 PDT"]
[Termination "AlmasRakhmatullaev won by resignation"]

1. e4 e5 2. Nf3 Nc6 3. Bc4 Nf6 4.
Ng5 d5 5. exd5 Na5 6. Bb5+ c6 7.
dxc6 bxc6 8. Bd3 Be7 9. O-O O-O 10. Re1 Bg4 11. f3 Bh5 12. Nc3 c5 13. Kh1 c4 14.
Bf1 Qd4 15. d3 Rad8 16. Be3 Qd7 17. dxc4 Qb7 18. Qc1 Bg6 19. a3 Nc6 20. Bf2 Rfe8 21. b4 h6 22. Nge4 Nd4 23. Bxd4 exd4 24. Nxf6+ Bxf6 25.
Rxe8+ Rxe8 26. Nd5 Be5 27. Bd3 Qb8 28. f4 Bxd3 29.
cxd3 Bd6 30. c5 Bf8 31. Qc4 Qd8 32. Qxd4 Qh4 33. Qg1 Qg4 34. Re1 Rd8 35. Qd4 Qd7 36. Re5 f6 37. Nxf6+ gxf6 38. Qxd7 Rxd7 39. Re3 Kf7 40. g3 a6 41. Kg2 Rc7 42. Kf3 Bxc5 43. bxc5 Rxc5 44. d4 Rd5 45. Ke4 Ke6 46. Kd3+ Kd6 47.
Kc4 Rh5 48. h4 Ra5 49. Kb4 Rd5 50. Rd3 f5 51. Kc4 Ra5 52. Re3 Ra4+ 53. Kb3 Rxd4 54.
Kc3 Ra4 55. Kd2 Ra5 56. Ke2 Ra4 57. Kf3 h5 58. Kf2 Ra5 59. Rd3+ Ke6 60. Ke2 Ra4 61. Kd2 Ra5 62. Kc2 Ra4 63. Kb3 Ra5 64. a4 Rc5 65. Rc3 Rd5 66. Rc6+ Ke7 67. Rxa6 Rd3+ 68. Kc4 Rxg3 69.
Kd4 Rg4 70. Ke5 Rxh4 71. Ra7+ Ke8 72. a5 Rh1 73. a6 h4 74. Ra8+ Kd7 75. a7 Ra1 76. Rh8 Ra5+ 77. Kf6 Ra6+ 78. Kg5 1-0

[Event "Early-Titled-Tuesday-Blitz-March-12-2024"]
[Site "Chess.com"]
[Date "2024.03.12"]
[Round "4"]
[White "Boundless_Strike"]
[Black "TanitoluwaAps116"]
[Result "0-1"]
[WhiteElo "2615"]
[BlackElo "2837"]
[TimeControl "180+1"]
[EndTime "8:41:22 PDT"]
[Termination "TanitoluwaAps116 won by checkmate"]

1. d4 Nf6 2. f3 d5 3. e4 dxe4 4.
Nc3 e3 5. Bxe3 e6 6. Bd3 Bd6 7. f4 Nbd7 8. Nf3 b6 9. O-O Bb7 10. Ne5 O-O 11. Qe1 c5 12. Qh4 cxd4 13. Nxd7 Qxd7 14. Bxd4 Bc5 15. Bxc5 bxc5 16. Rad1 Qd4+ 17. Kh1 Qb4 18. a3 Qxb2 19. Nb5 Kh8 20. Rb1 Qa2 21. Nc3 Qxa3 22. Rb3 Qa5 23. f5 c4 24. Bxc4 Rab8 25.
fxe6 fxe6 26. Bxe6 Bxg2+ 27. Kxg2 Rxb3 28. Bxb3 Qxc3 29. Rf3 Qd2+ 30. Rf2 Qd6 31. Qf4 Qc6+ 32. Kg1 Re8 33. h3 Re1+ 34. Rf1 Re2 35. Rf2 Re1+ 36. Rf1 Qc5+ 37. Kg2 Re2+ 38. Kh1 Qc6+ 39. Rf3 Re8 40. Kg1 Qc5+ 41. Rf2 a5 42. Qf5 Qc7 43. Qf4 Qb6 44. Kg2 h6 45. Qf5 Qb7+ 46. Qf3 Re4 47. Kh2 Qc7+ 48.
Kg1 Qe7 49. Kh1 Qe5 50. Qf5 Re1+ 51. Kg2 Qc7 52. Qf4 Re5 53. Kg1 Rg5+ 54. Kh1 Qc6+ 55. Rf3 Kh7 56. Qe3 Qd6 57. Qe2 Qd4 58. Rf2 Qe4+ 59.
Qxe4+ Nxe4 60. Rf3 Nc5 61. Bc4 Re5 62. Kg2 g5 63. Rf7+ Kg6 64. Ra7 Kf5 65. Rxa5 Kf4 66. Ra3 h5 67. Rf3+ Ke4 68. Bd3+ Kd4 69. Bh7 Ne6 70.
Rd3+ Kc5 71. Rd6 Kxd6 72. Bd3 Nf4+ 73. Kf3 h4 74. Kg4 Ke7 75. Bf5 Kf6 76. Bd3 Re3 77. c4 Rg3# 0-1

[Event "Early-Titled-Tuesday-Blitz-March-12-2024"]
[Site "Chess.com"]
[Date "2024.03.12"]
[Round "4"]
[White "GAO"]
[Black "ketster"]
[Result "1-0"]
[WhiteElo "2321"]
[BlackElo "2581"]
[TimeControl "180+1"]
[EndTime "8:41:27 PDT"]
[Termination "GAO won by checkmate"]

1. a3 d5 2. c4 dxc4 3. e3 b5 4. a4 c6 5. axb5 cxb5 6. Qf3 Nc6 7. Qxc6+ Bd7 8. Qf3 Nf6 9. h3 e5 10. d3 cxd3 11.
Bxd3 Rc8 12. Bd2 Bc6 13. Qg3 Qxd3 14. Nc3 b4 15. Qxe5+ Be7 16. Nce2 Bxg2 17. Rh2 Bc6 18. Bxb4 O-O 19. Bxe7 Rfe8 20. Qd6 Qc2 21. Bxf6 gxf6 22. Qxf6 Re6 23. Qc3 Qg6 24. Qd4 Re4 25. Qd2 Rc4 26. Rc1 Bb5 27. Rxc4 Bxc4 28. Qd4 Bxe2 29. Nxe2 Qb1+ 30.
Qd1 Qxb2 31. Rg2+ Kh8 32. Qd4+ Qxd4 33. Nxd4 Rc1+ 34. Ke2 Rb1 35. Rg5 Rb2+ 36. Kf3 Ra2 37. Rf5 Kg7 38. Rb5 a5 39. Rb7 a4 40. Ra7 Ra1 41. Nb5 h5 42. Nc3 Kf6 43. Rxa4 Rc1 44. Ne4+ Kg6 45. Ra6+ Kg7 46. Ng3 h4 47. Nf5+ Kh7 48.
Nxh4 Rh1 49. Kg2 Rb1 50. Nf3 Kg7 51. Kg3 Rh1 52. h4 Rb1 53. Rc6 Rb5 54. Rc4 Rf5 55.
Rg4+ Kh7 56. Rf4 Rc5 57. Rxf7+ Kg6 58. Rf4 Kh6 59. Rf6+ Kh5 60. Rf4 Rc6 61. Rg4 Rf6 62.
Rg5+ Kh6 63. Ne5 Rf8 64. Ng4+ Kh7 65. f4 Kh8 66. e4 Kh7 67. e5 Kh8 68. e6 Kh7 69. f5 Kh8 70. Kf4 Kh7 71. Rh5+ Kg7 72. Rg5+ Kh7 73. Ke5 Kh8 74. Nf6 Rb8 75. Rh5+ Kg7 76.
Nd7 Rb5+ 77. Kd6 Rb6+ 78. Ke7 Rb7 79. Rg5+ Kh6 80. f6 Kh7 81. f7 Rc7 82. Rg7+ Kh6 83. f8=Q Rxd7+ 84. exd7 Kh5 85. Qh8# 1-0

[Event "Early-Titled-Tuesday-Blitz-March-12-2024"]
[Site "Chess.com"]
[Date "2024.03.12"]
[Round "4"]
[White "Skatchkov_V"]
[Black "MatthewG-p4p"]
[Result "0-1"]
[WhiteElo "2674"]
[BlackElo "2874"]
[TimeControl "180+1"]
[EndTime "8:41:28 PDT"]
[Termination "MatthewG-p4p won by resignation"]

1. d4 Nf6 2. c4 c5 3. d5 e6 4. Nc3 exd5 5. cxd5 d6 6. Nf3 g6 7. Bf4 Bg7 8. Qa4+ Bd7 9. Qb3 b5 10. Bxd6 Qb6 11. Be5 O-O 12. e3 c4 13.
Qd1 b4 14. Na4 Qa5 15. b3 Bxa4 16. bxa4 c3 17. Bb5 a6 18. Bc4 Nbd7 19. Bd4 Nb6 20. Bb3 Nbxd5 21. Bxd5 Qxd5 22. Bxf6 Qxd1+ 23. Kxd1 Bxf6 24. Kc2 Rfc8 25. Rhd1 Rc6 26. Rd5 Rb8 27. Rad1 Be7 28. Rd7 Kf8 29. Ne5 Re6 30. R1d5 Ke8 31. Ra7 Rc8 32. Nd3 Rd8 33. Rxd8+ Kxd8 34. Rb7 Kc8 35. Ra7 Kb8 36. Rd7 Kc8 37. Ra7 Kb8 38. Rd7 g5 39.
Rd5 h6 40. Rf5 f6 41. h4 Kc7 42. h5 Re4 43. g3 Kb6 44. Rd5 Kc6 45. Ra5 Kb7 46.
Rd5 Kc6 47. Ra5 Kb6 48. Rd5 Re6 49. Kb3 Kc6 50. Rd4 a5 51. Rc4+ Kd5 52. Rd4+ Kc6 53. Kc2 Bd6 54. Rc4+ Kd7 55. Rd4 Ke7 56. Rd5 Bc7 57.
Nc5 Rc6 58. Nb3 Ra6 59. Rc5 Kd6 60. Rb5 Bb6 61. Rf5 Ke6 62. Rb5 f5 63. Kd3 Kf6 64. Rd5 g4 65. Rd6+ Kg5 66. Rg6+ Kxh5 67. Re6 Kg5 68. Nc5 Ra8 69. Rxb6 Rd8+ 70. Kc2 Rd2+ 71.
Kc1 Rxf2 72. Ne6+ Kf6 73. Nf4+ Kf7 74. Rxh6 Rxa2 75. Rh5 Rxa4 76. Rxf5+ Kg7 77. Rg5+ Kf6 78. Rf5+ Kxf5 0-1

[Event "Early-Titled-Tuesday-Blitz-March-12-2024"]
[Site "Chess.com"]
[Date "2024.03.12"]
[Round "4"]
[White "ChessLover0108"]
[Black "Byniolus"]
[Result "0-1"]
[WhiteElo "2941"]
[BlackElo "2828"]
[TimeControl "180+1"]
[EndTime "8:41:36 PDT"]
[Termination "Byniolus won by resignation"]

1. c4 c6 2. Nf3 d5 3. e3 Nf6 4. d4 Bf5 5. Nc3 e6 6. Nh4 Be4 7. f3 Bg6 8. Qb3 Qb6 9. c5 Qxb3 10.
axb3 Bc2 11. Ra3 h6 12. f4 g5 13. Nf3 gxf4 14. exf4 Bg7 15. b4 O-O 16. b5 cxb5 17.
Nxb5 Nc6 18. Be3 a6 19. Nd6 Rab8 20. Ne5 Ne4 21. Be2 Nxd6 22. cxd6 Rfd8 23. Rc3 Be4 24.
O-O Rxd6 25. Rfc1 Nxe5 26. dxe5 Rdd8 27. Bb6 Rd7 28. Rc7 Rxc7 29. Rxc7 Bg6 30. Kf2 Bf8 31. Ke3 Bb4 32. g4 a5 33. h4 a4 34. Bf1 Be4 35. Bh3 Ra8 36. Bf1 a3 37. bxa3 Rxa3+ 38. Kf2 Rf3+ 39. Kg1 Rxf4 40. Be2 Bf3 41. Bxf3 Rxf3 42.
Rxb7 Rg3+ 43. Kf2 Rxg4 44. Kf3 Rc4 45. Rb8+ Kg7 46. Bd8 Kg6 47. Bf6 Kf5 48. Rh8 Bc3 49. Rf8 Bxe5 50. Be7 Rc3+ 51. Ke2 f6 52. Bd8 Rh3 53.
h5 Rxh5 54. Bb6 Rh2+ 55. Kf3 Rh3+ 56. Kg2 Rb3 57. Bf2 d4 58. Rd8 Rb2 59. Kf3 h5 60.
Rd7 Rb3+ 61. Kg2 d3 62. Rh7 Rb2 63. Kf3 d2 64. Rd7 Bc3 65. Be3 Rb1 66. Bxd2 Bxd2 67. Rxd2 Rb3+ 68. Kg2 e5 69. Rf2+ Kg5 70. Kh2 f5 71. Re2 e4 72. Rg2+ Kf4 73. Rf2+ Ke5 74. Rg2 e3 75. Kg3 Ke4 76. Rh2 f4+ 77. Kh3 f3 78. Kg3 e2 79. Kf2 Rb1 80. Rh4+ Kd3 81. Rh1 Rxh1 0-1